 Dungeon Crawl Stone Soup version 0.27.0-1-g7a089689b8 (webtiles) character file.

Game seed: 9710861888900898987

6626 Strat the Fighter (level 10, -2/106 HPs)
             Began as a Deep Dwarf Hunter on Aug 6, 2021.
             Was an Initiate of Makhleb.
             Slain by a skeletal warrior (17 damage)
             ... on level 12 of the Dungeon.
             The game lasted 00:22:07 (5670 turns).

Strat the Fighter (Deep Dwarf Hunter)               Turns: 5670, Time: 00:22:08

Health: -2/106     AC: 13    Str: 18    XL:     10   Next: 72%
Magic:  1/1        EV: 12    Int: 23    God:    Makhleb [......]
Gold:   431        SH:  0    Dex: 13    Spells: 9/9 levels left

rFire    . . .     SeeInvis +   b - +2 hand axe (vorpal)
rCold    + . .     Faith    .   (no shield)
rNeg     . . .     Spirit   .   t - +3 leather armour {rPois}
rPois    +         Reflect  .   w - +1 helmet
rElec    .         Harm     .   v - +3 cloak of the Eleven Seers {Will- Int+10 SInv}
rCorr    .         Rampage  .   y - +0 pair of gloves
Will     .....                  (no boots)
Stlth    +.........             o - amulet of the acrobat
HPRegen  0.00/turn              J - ring of poison resistance
MPRegen  0.07/turn              K - ring of protection from cold

@: weak-willed, spiked
A: damage resistance, heal wounds, sense surroundings 2, no regeneration
a: Heal Wounds, Renounce Religion


You were on level 12 of the Dungeon.
You worshipped Makhleb.
Makhleb was noncommittal.
You visited 2 branches of the dungeon, and saw 12 of its levels.

You collected 431 gold pieces.

Inventory:

Hand Weapons
 a - a +1 vorpal hunting sling
 b - a +2 vorpal hand axe (weapon)
 j - a +0 short sword
Missiles
 d - 62 sling bullets
 f - 94 stones (quivered)
 q - 3 poisoned darts
 u - 3 throwing nets
 H - 5 javelins
Armour
 c - a +0 leather armour
 i - a +0 cloak
 k - a +0 chain mail
 t - a +3 leather armour of poison resistance (worn)
 v - the +3 cloak of the Eleven Seers (worn) {Will- Int+10 SInv}
   (You found it on level 5 of the Dungeon)

   Int:       It affects your intelligence (+10).
   SInv:      It lets you see invisible.
   Will:      It decreases your willpower.
 w - a +1 helmet (worn)
 y - a +0 pair of gloves (worn)
Jewellery
 o - an amulet of the acrobat (around neck)
 C - a ring of see invisible
 G - a ring of magical power
 J - a ring of poison resistance (left hand)
 K - a ring of protection from cold (right hand)
 M - a ring of positive energy
 N - a +6 ring of intelligence
Wands
 p - a wand of iceblast (9)
 s - a wand of digging (7)
 z - a wand of acid (5)
 L - a wand of mindburst (13)
 O - a wand of charming (7)
Scrolls
 l - 3 scrolls of noise
 F - a scroll of magic mapping
Potions
 e - 2 potions of magic
 g - 5 potions of attraction
 h - a potion of haste {unknown}
 r - 2 potions of mutation {unknown}
 A - 2 potions of might {unknown}
 E - a potion of curing {unknown}
 I - a potion of flight {unknown}


   Skills:
 + Level 12.2 Fighting
 - Level 10.0 Axes
 - Level 5.0 Slings
 - Level 2.1 Dodging
 - Level 1.2 Stealth


You had 9 spell levels left.
You didn't know any spells.
Your spell library contained the following spells:

 Spells                   Type           Power      Damage    Failure   Level
 Animate Skeleton         Necr           0%         N/A       19%         1
 Apportation              Tloc           0%         N/A       19%         1
 Corona                   Hex            0%         N/A       19%         1
 Pain                     Necr           0%         1d4       19%         1
 Summon Small Mammal      Summ           0%         N/A       19%         1
 Vampiric Draining        Necr           0%         2d6       50%         3


Dungeon Overview and Level Annotations

Branches:
Dungeon (10/15)            Temple (1/1) D:4             Orc (0/2) D:9
   Lair: D:8-11

Altars:
Ashenzari
Cheibriados
Dithmenos
Elyvilon
Gozag
Hepliaklqana
Kikubaaqudgha
Makhleb
Nemelex Xobeh
Okawaru
Qazlal
Ru
Sif Muna
Trog
Uskayaw
Vehumet
Wu Jian
Xom
Yredelemnul
Zin
The Shining One

Shops:
D:2 [

Annotations:
D:5 Grinder, Sigmund
D:6 1 runed translucent door, tizzy's ghost, novice DsGl
D:10 Psyche


Innate Abilities, Weirdness & Mutations

You are resistant to damage.
You can heal yourself by infusing magical energy.
You passively map the area around you.
You do not regenerate.


Message History

[Y]es or [N]o only, please.
The barbs in your skin will harm you if you move.
Continue? [Y]es or [N]o only, please.
The barbs in your skin will harm you if you move.
Continue?
Okay, then.
As you read the scroll of fear, it crumbles to dust.
You assume a fearsome visage.
The chaos spawn is unaffected. x2
The skeletal warrior is unaffected.
The yak looks frightened!
The gargoyle is unaffected.
The manticore looks frightened!
The skeletal warrior hits you but does no damage.
Okay, then.
As you read the scroll of identify, it crumbles to dust.
n - 3 potions of heal wounds The skeletal warrior hits you with a +1 battleaxe of freezing!!
* * * LOW HITPOINT WARNING * * *
The skeletal warrior freezes you.
You feel much better.
The skeletal warrior hits you with a +1 battleaxe of freezing!!
* * * LOW HITPOINT WARNING * * *
The skeletal warrior freezes you.
* * * LOW HITPOINT WARNING * * *
You feel much better.
The skeletal warrior hits you with a +1 battleaxe of freezing!!
* * * LOW HITPOINT WARNING * * *
The skeletal warrior freezes you.
* * * LOW HITPOINT WARNING * * *
You feel much better.
The skeletal warrior hits you with a +1 battleaxe of freezing!
* * * LOW HITPOINT WARNING * * *
The skeletal warrior freezes you.
* * * LOW HITPOINT WARNING * * *
You hit the skeletal warrior.
The skeletal warrior is lightly damaged.
You hit the skeletal warrior but do no damage.
The skeletal warrior is lightly damaged.
The skeletal warrior closely misses you.
You hit the skeletal warrior but do no damage.
The skeletal warrior is lightly damaged.
The skeletal warrior hits you with a +1 battleaxe of freezing!!
You die...

***,,,******* ,,,,*,,,,,,,**
***≈≈≈,,,*,,,** *≈≈≈≈≈*,,***,**
*≈≈∩,,,,** **,### *≈≈≈≈≈,,* *,..#
***≈≈≈^*,** **,#.# #########
,,,,,*,*,,***,*#.# ##...§....
,,,,,*,*,*,,,**#@# #..'..§.##
,,****,*,*#.####z#######..§>#§⌠⌠$
,,*,,,,,,......Y44...Y4.§.⌠.(⌠...
,,*,**,*,##.....z9....9.......)≈+
,,,,,,,*,*###.............§.9..#+
,,,,****,* #............Y.⌠.._..
,,,,,,,,,* #.............§≈⌠...#
,,,,****** ##............+...⌠..
***,* *##...#§......#⌠≈..⌠⌠


You could see 2 skeletal warriors, a yak, 2 chaos spawn and a gargoyle
(weak-willed).

Vanquished Creatures
  2 two-headed ogres (D:10)
  Pikel (D:4)
  Joseph (D:9)
  Maurice (D:9)
  A kobold demonologist (D:7)
  2 trolls
  A hornet (D:8)
  A wraith (D:10)
  A yak (D:12)
  A steam dragon (D:8)
  Edmund (D:4)
  Menkaure (D:4)
  2 water moccasins (D:7)
  An acid dragon (D:9)
  3 orc warriors
  2 sky beasts
  A black bear (D:5)
  A hornet zombie (D:9)
  An ice beast (D:6)
  An ogre (D:6)
  2 lemures (D:4)
  4 bullfrogs
  A gnoll sergeant (D:10)
  3 wights (D:8)
  2 howler monkeys
  3 centaur zombies
  3 hounds
  A bullfrog skeleton (D:7)
  3 orc priests
  A bullfrog zombie (D:6)
  2 centaur skeletons (D:7)
  2 gnoll shamans
  6 iguanas
  Terence (D:2)
  7 orc wizards
  A scorpion zombie (D:5)
  Ijyb (D:3)
  A killer bee zombie (D:6)
  A howler monkey zombie (D:8)
  9 gnolls
  9 adders
  3 shadow imps
  3 white imps
  An ufetubus (D:6)
  An adder skeleton (D:4)
  3 worms
  A dart slug (D:4)
  7 orcs
  7 endoplasms
  2 giant cockroaches
  7 goblins
  5 hobgoblins
  10 jackals
  6 kobolds
  2 quokkas
  8 ball pythons
  6 bats
  2 frilled lizards
  3 rats
166 creatures vanquished.

Vanquished Creatures (others)
  An orc wizard (D:7)
  11 plants (D:3)
12 creatures vanquished.

Grand Total: 178 creatures vanquished

Notes
Turn   | Place    | Note
-------+----------+-------------------------------------------
     0 | D:1      | Strat the Deep Dwarf Hunter began the quest for the Orb.
     0 | D:1      | Reached XP level 1. HP: 19/19 MP: 1/1
    57 | D:1      | Reached skill level 2 in Fighting
    99 | D:1      | Reached XP level 2. HP: 26/26 MP: 2/2
   339 | D:2      | Found Destinai's Antique Armour Shoppe.
   353 | D:2      | Reached skill level 5 in Slings
   353 | D:2      | Reached XP level 3. HP: 33/33 MP: 3/3
   511 | D:2      | Reached skill level 3 in Fighting
   584 | D:2      | Noticed Terence
   600 | D:2      | Killed Terence
   601 | D:2      | Reached XP level 4. HP: 25/43 MP: 4/4
   848 | D:3      | Reached skill level 1 in Axes
   861 | D:3      | Noticed Ijyb
   882 | D:3      | Killed Ijyb
   984 | D:3      | Reached XP level 5. HP: 47/50 MP: 4/4
  1134 | D:4      | Reached skill level 4 in Fighting
  1188 | D:4      | Found a staircase to the Ecumenical Temple.
  1193 | Temple   | Entered the Ecumenical Temple
  1365 | D:4      | Noticed a lemure
  1385 | D:4      | Noticed a lemure
  1385 | D:4      | Noticed a lemure
  1387 | D:4      | Killed a lemure
  1387 | D:4      | Noticed a lemure
  1389 | D:4      | Noticed Pikel
  1397 | D:4      | Killed a lemure
  1438 | D:4      | Killed Pikel
  1439 | D:4      | Reached skill level 5 in Fighting
  1439 | D:4      | Reached skill level 5 in Axes
  1439 | D:4      | Reached XP level 6. HP: 40/61 MP: 5/5
  1439 | D:4      | Reached XP level 7. HP: 44/67 MP: 6/6
  1557 | D:4      | Noticed Menkaure
  1561 | D:4      | Killed Menkaure
  1722 | D:4      | Noticed Edmund
  1761 | D:4      | Killed Edmund
  1996 | D:4      | Reached XP level 8. HP: 50/76 MP: 6/6
  2022 | D:5      | Entered Level 5 of the Dungeon
  2145 | D:5      | Noticed Sigmund
  2345 | D:5      | Identified the +3 cloak of the Eleven Seers {Will- Int+10
                  | SInv}
  2503 | D:5      | Reached skill level 6 in Fighting
  2508 | D:5      | Noticed Grinder
  2765 | D:6      | Found a runed translucent door.
  2765 | D:6      | Found a shimmering altar of Xom.
  2765 | D:6      | Noticed tizzy's ghost (novice DsGl)
  2765 | D:6      | Noticed a +2 war axe of chaos
  3666 | D:7      | Gained mutation: You passively map the area around you.
                  | [Deep Dwarf growth]
  3666 | D:7      | Reached XP level 9. HP: 65/85 MP: 6/6
  3740 | D:7      | Reached skill level 7 in Fighting
  3748 | D:7      | Found a sacrificial altar of Ru.
  3759 | D:7      | Reached skill level 10 in Axes
  3761 | D:7      | Found a stormy altar of Qazlal.
  3766 | D:7      | Found a basalt altar of Yredelemnul.
  3974 | D:7      | Noticed a kobold demonologist
  3983 | D:7      | Noticed a rust devil
  3996 | D:7      | Killed a kobold demonologist
  3997 | D:7      | Reached skill level 8 in Fighting
  4301 | D:8      | Noticed a seven-headed hydra
  4467 | D:8      | Reached skill level 9 in Fighting
  4520 | D:8      | Found a snail-covered altar of Cheibriados.
  4581 | D:8      | Noticed a white ugly thing
  4794 | D:9      | Noticed Joseph
  4822 | D:9      | Killed Joseph
  4823 | D:9      | Reached skill level 10 in Fighting
  4823 | D:9      | Reached XP level 10. HP: 63/102 MP: 4/4
  4952 | D:9      | Noticed Maurice
  4968 | D:9      | Paralysed by Maurice for 3 turns
  4979 | D:9      | Killed Maurice
  5003 | D:9      | Found an opulent altar of Gozag.
  5014 | D:9      | Found a staircase to the Orcish Mines.
  5234 | D:9      | Found a faded altar of an unknown god.
  5234 | D:9      | Found a burning altar of Makhleb.
  5240 | D:9      | Found a faded altar of an unknown god.
  5243 | D:9      | Became a worshipper of Makhleb the Destroyer
  5246 | D:9      | Found an iron altar of Okawaru.
  5248 | D:9      | Found a sparkling altar of Nemelex Xobeh.
  5317 | D:10     | Entered Level 10 of the Dungeon
  5317 | D:10     | Noticed Psyche
  5418 | D:10     | Reached skill level 11 in Fighting
  5487 | D:10     | Noticed a two-headed ogre
  5513 | D:10     | Killed a two-headed ogre
  5561 | D:10     | Noticed a two-headed ogre
  5589 | D:10     | Killed a two-headed ogre
  5590 | D:10     | Reached skill level 12 in Fighting
  5635 | D:10     | You fall into a shaft and drop 2 floors!
  5635 | D:12     | Found a shimmering altar of Xom.
  5635 | D:12     | Found the +7 mace of Variability {chain chaos}
  5636 | D:12     | Noticed a skeletal warrior
  5636 | D:12     | Noticed a skeletal warrior
  5636 | D:12     | Noticed a skeletal warrior
  5638 | D:12     | Noticed a manticore
  5639 | D:12     | Noticed a gargoyle
  5670 | D:12     | Slain by a skeletal warrior

Illustrated notes

Levels and vault maps discovered:
D:1:      roderic_crop_circles_arrival_large, layout_basic,
          minmay_indecisive_spiral
D:2:      layout_basic, serial_shops, nicolae_shop_statue_plus,
          chequers_serial_rivers_micro_a, minivault_19, uniq_terence
D:3:      layout_rooms, serial_bayou_lagoon_a, minmay_between, uniq_ijyb
D:4:      layout_loops_ring, minmay_temple_entry_glassed_door, uniq_edmund,
          uniq_pikel, uniq_menkaure
D:5:      layout_loops_ring, kennysheep_pointless_box, minmay_ogre_servants,
          uniq_sigmund, uniq_eustachio, uniq_grinder
D:6:      kennysheep_six_static_rooms, layout_basic, serial_rivers,
          chequers_serial_rivers_micro_d, chequers_serial_rivers_small_b,
          chequers_serial_rivers_room_a, chequers_serial_rivers_micro_c,
          ebering_ghost_xom, eino_small_chamber_without_monster,
          nicolae_benzene_ring, nrook_loot_triangle
D:7:      layout_rooms, minmay_overflow_temple_star_quad
D:8:      nzn_winding_woodlands_cross [nzn_winding_woodlands_5x15_parted,
          nzn_winding_woodlands_5x15_default, nzn_winding_woodlands_5x15_eye,
          nzn_winding_woodlands_5x15_concentric,
          nzn_winding_woodlands_15x15_killbox], layout_cave_pools, slow_altar_2,
          serial_shops, nicolae_inconvenience_store, uniq_gastronok
D:9:      layout_loops_corners, mainiacjoe_overflow_brackets,
          chequers_temple_overflow_minitemple, orc_0_dummy, uniq_joseph,
          uniq_maurice
D:10:     layout_roguey, brannock_xom_greatest_gift, kennysheep_kite_vault,
          uniq_psyche
D:12:     layout_loops_ring, serial_shops, nicolae_shop_crystal,
          kennysheep_mini_moat, nicolae_shop_waterfront,
          minmay_guarded_unrand_variability, uniq_rupert
Temple:   nicolae_temple_figure_eight

Skill      XL: |  1  2  3  4  5  6  7  8  9 10 |
---------------+-------------------------------+-----
Fighting       | 2 3 5 6 10 12 | 12.2
Slings         | 5 |  5.0
Axes           | 2 5 7 9 10 | 10.0
Dodging        | |  2.1
Stealth        | |  1.2

Action                   |  1- 3 |  4- 6 |  7- 9 | 10-12 || total
-------------------------+-------+-------+-------+-------++-------
Melee: Hand axe          |       |   117 |   388 |   130 ||   635
       Hunting sling     |       |     1 |       |       ||     1
 Fire: Hunting sling     |    94 |    35 |   115 |    16 ||   260
Throw: Stone             |       |       |     1 |       ||     1
 Abil: Heal Wounds       |       |     4 |    19 |    16 ||    39
Evoke: Wand              |       |       |     1 |     3 ||     4
  Use: Scroll            |       |     3 |       |     9 ||    12
       Potion            |       |       |       |     3 ||     3
Armor: Leather armour    |    15 |       |   137 |    48 ||   200
       Chain mail        |       |    63 |    17 |       ||    80
Dodge: Dodged            |    28 |    39 |   220 |    98 ||   385
